 Dungeon Sprint DCSS version 0.21-a0-331-gfb491b4 (webtiles) character file.

8479 potatolord6000 the Martial Artist (level 11, -3/91 HPs)
             Began as a Gnoll Transmuter on Oct 2, 2017.
             Was the Champion of Cheibriados.
             Slain by a water elemental (19 damage)
             ... in the Dungeon (Sprint VII: "The Pits").
             The game lasted 00:06:51 (2586 turns).

potatolord6000 the Martial Artist (GnTm)            Turns: 2586, Time: 00:06:52

Health: -3/91      AC:  7    Str: 28    XL:     11   Next: 31%
Magic:  21/26      EV: 24    Int: 37    God:    Cheibriados [******]
Gold:   0          SH:  0    Dex: 30    Spells: 22/32 levels left

rFire    . . .     SeeInvis .     - Unarmed
rCold    . . .     Gourm    .   (shield currently unavailable)
rNeg     . . .     Faith    .   b - +0 robe
rPois    .         Spirit   .   (no helmet)
rElec    .         Reflect  .   t - +0 cloak
rCorr    .         Harm     .   (gloves currently unavailable)
MR       .....     NoTele   +   (no boots)
Stlth    +++++.....             (no amulet)
HPRegen  0.25/turn              g - +3 ring of protection
MPRegen  0.20/turn              i - +3 ring of intelligence

@: blade hands, vulnerable, engulfed (cannot breathe), slowed, very slow
A: distributed training, fangs 1, strong nose
a: End Transformation, Bend Time, Temporal Distortion, Slouch, Step From Time,
Renounce Religion


You were in the Dungeon.
You worshipped Cheibriados.
Cheibriados was exalted by your worship.
You were full.
You had blades for hands.
You visited 1 branch

Inventory:

Hand Weapons
 v - a +2 scimitar of protection (melded)
Armour
 b - a +0 robe (worn)
 t - a +0 cloak (worn)
 u - a +0 pair of gloves (melded)
Jewellery
 g - a +3 ring of protection (left scythe-like blade)
 i - a +3 ring of intelligence (right scythe-like blade)
Scrolls
 j - a scroll of blinking
 l - 3 scrolls of remove curse
 m - 5 scrolls of amnesia
 n - a scroll of summoning
Potions
 e - 8 potions of curing
 f - 9 potions of heal wounds
 h - 4 potions of magic
 k - 2 potions of invisibility
 q - a potion of might
 s - a potion of brilliance
Books
 c - a book of Changes

   Spells                             Type                      Level
   a - Beastly Appendage              Transmutation                1
   b - Sticks to Snakes               Transmutation                2
   c - Spider Form                    Transmutation/Poison         3
   d - Ice Form                       Ice/Transmutation            4
   e - Blade Hands                    Transmutation                5
Comestibles
 d - 8 bread rations
 o - 40 fruits
 p - 5 meat rations


   Skills:
 + Level 10.3 Fighting
 + Level 10.0 Short Blades
 + Level 10.0 Long Blades
 + Level 10.0 Axes
 + Level 10.0 Maces & Flails
 + Level 10.0 Polearms
 + Level 10.0 Staves
 + Level 10.0 Slings
 + Level 10.0 Bows
 + Level 10.0 Crossbows
 + Level 10.0 Throwing
 + Level 10.0 Armour
 + Level 10.9 Dodging
 + Level 10.0 Stealth
   Level 0.0 Stabbing
 + Level 10.0 Shields
   Level 0.0 Traps
 + Level 11.7 Unarmed Combat
 + Level 11.0 Spellcasting
 + Level 10.0 Conjurations
 + Level 10.0 Hexes
 + Level 10.0 Charms
 + Level 10.0 Summonings
 + Level 10.0 Necromancy
 + Level 10.0 Translocations
 + Level 10.9 Transmutations
 + Level 10.0 Fire Magic
 + Level 10.0 Ice Magic
 + Level 10.0 Air Magic
 + Level 10.0 Earth Magic
 + Level 10.0 Poison Magic
 + Level 10.0 Invocations
 + Level 10.0 Evocations


You had 22 spell levels left.
You knew the following spells:

 Your Spells              Type           Power        Failure   Level  Hunger
a - Beastly Appendage     Tmut           ######       4%          1    None
b - Ice Form              Ice/Tmut       #######.     10%         4    None
c - Blade Hands           Tmut           #######...   12%         5    None


Dungeon Overview and Level Annotations

Branches:
Dungeon (1/1)

Altars:
Ashenzari
Cheibriados
Dithmenos
Elyvilon
Fedhas
Gozag
Hepliaklqana
Kikubaaqudgha
Makhleb
Nemelex Xobeh
Okawaru
Qazlal
Ru
Sif Muna
Trog
Uskayaw
Vehumet
Wu Jian
Xom
Yredelemnul
Zin
The Shining One
Beogh
Jiyva
Lugonu


Innate Abilities, Weirdness & Mutations

Your experience applies equally to all skills.
You have very sharp teeth.
Your uncanny sense of smell can sniff out nearby items.


Message History

Your Stealth skill increases to level 10!
Your Shields skill increases to level 10!
Your Spellcasting skill increases to level 11!
Your Conjurations skill increases to level 10!
Your Hexes skill increases to level 10!
Your Charms skill increases to level 10!
Your Summonings skill increases to level 10!
Your Necromancy skill increases to level 10!
Your Translocations skill increases to level 10!
Your Fire Magic skill increases to level 10!
Your Ice Magic skill increases to level 10!
Your Air Magic skill increases to level 10!
Your Earth Magic skill increases to level 10!
Your Poison Magic skill increases to level 10!
Your Invocations skill increases to level 10!
Your Evocations skill increases to level 10!
* * * LOW HITPOINT WARNING * * *
Your lungs strain for air!
The water elemental hits you!!
You die...

### #### ########
...###..'[..# .
.††##..##[..### ..
#'##..###[..+.## ...
.......##...#..## .§.#
#'###...##'##...###WE.##
....##..#...#...#heM....
)....'..+...)(..@.5.....
)...##..#...#...#ERr....
#'###...##'##...###...##
.......##...#..## ...#
#'##..###...+.## ...
...##..##...### ..
...###..+...# . ####
#######


You could see a water elemental, a deep elf mage, an efreet, a fire elemental, a
wraith, a black bear, a mummy, a hell rat and a crimson imp.

Vanquished Creatures
  A death cob (D)
  A centaur warrior (D)
  A deep troll (D)
  A phantasmal warrior (D)
  A wolf spider (D)
  A rust devil (D)
  An orange demon (D)
  A black mamba (D)
  A rime drake (D)
  A freezing wraith (D)
  An efreet (D)
  A komodo dragon (D)
  A jumping spider (D)
  A polar bear (D)
  A wind drake (D)
  A hornet (D)
  A bog body (D)
  A snapping turtle (D)
  A fire bat (D)
  2 wyverns (D)
  2 acid dragons (D)
  A floating eye (D)
  An eye of draining (D)
  2 centaurs (D)
  A bullfrog (D)
  A gnoll sergeant (D)
  8 wights (D)
  A gnoll shaman (D)
  An orc priest (D)
  An orc wizard (D)
  Terence (D)
  A worker ant (D)
  A hell rat (D)
  6 gnolls (D)
  An ufetubus (D)
  An ooze (D)
  2 adder skeletons (D)
  A leopard gecko (D)
  6 orcs (D)
  A bat zombie (D)
  A goblin (D)
  3 jackals (D)
  A jackal zombie (D)
  A rat (D)
67 creatures vanquished.

Vanquished Creatures (others)
  A gnoll (D)
1 creature vanquished.

Grand Total: 68 creatures vanquished

Notes
Turn   | Place    | Note
-------+----------+-------------------------------------------
     0 | D        | potatolord6000 the Gnoll Transmuter began the quest for the Orb.
     0 | D        | Reached XP level 1. HP: 17/17 MP: 6/6
    21 | D        | Found a bloodstained altar of Trog.
    21 | D        | Found a deep blue altar of Sif Muna.
    21 | D        | Found a viscous altar of Jiyva.
    21 | D        | Found a hazy altar of Hepliaklqana.
    21 | D        | Found an opulent altar of Gozag.
    49 | D        | Found a glowing golden altar of the Shining One.
    49 | D        | Found a glowing silver altar of Zin.
    49 | D        | Found a basalt altar of Yredelemnul.
    49 | D        | Found a shimmering altar of Xom.
    49 | D        | Found an ornate altar of the Wu Jian Council.
    49 | D        | Found a sacrificial altar of Ru.
    49 | D        | Found a stormy altar of Qazlal.
    49 | D        | Found an iron altar of Okawaru.
    49 | D        | Found a sparkling altar of Nemelex Xobeh.
    49 | D        | Found a burning altar of Makhleb.
    49 | D        | Found a blossoming altar of Fedhas.
    49 | D        | Found a white marble altar of Elyvilon.
    49 | D        | Found a shadowy altar of Dithmenos.
    49 | D        | Found a snail-covered altar of Cheibriados.
    52 | D        | Found a corrupted altar of Lugonu.
    52 | D        | Found a radiant altar of Vehumet.
    52 | D        | Found a roughly hewn altar of Beogh.
    54 | D        | Found a shattered altar of Ashenzari.
    54 | D        | Found an ancient bone altar of Kikubaaqudgha.
    54 | D        | Found a hide-covered altar of Uskayaw.
    60 | D        | Became a worshipper of Cheibriados the Contemplative
    77 | D        | Noticed a floating eye
    80 | D        | Paralysed by a floating eye for 4 turns
    84 | D        | Killed a floating eye
    84 | D        | Reached skill level 5 in Dodging
    84 | D        | Reached skill level 5 in Spellcasting
    84 | D        | Reached skill level 5 in Transmutations
    84 | D        | Reached XP level 2. HP: 24/25 MP: 6/8
    84 | D        | Reached XP level 3. HP: 28/30 MP: 7/10
    84 | D        | Reached XP level 4. HP: 35/37 MP: 7/11
    98 | D        | Learned a level 4 spell: Ice Form
   100 | D        | Reached * piety under Cheibriados
   126 | D        | Noticed Terence
   132 | D        | Reached ** piety under Cheibriados
   132 | D        | Reached XP level 5. HP: 42/42 MP: 7/13
   143 | D        | Killed Terence
   225 | D        | Reached *** piety under Cheibriados
   232 | D        | Reached XP level 6. HP: 29/50 MP: 12/15
   233 | D        | Reached **** piety under Cheibriados
   237 | D        | Reached ***** piety under Cheibriados
   237 | D        | Reached skill level 5 in Fighting
   246 | D        | Reached skill level 5 in Short Blades
   246 | D        | Reached skill level 5 in Long Blades
   246 | D        | Reached skill level 5 in Axes
   246 | D        | Reached skill level 5 in Maces & Flails
   246 | D        | Reached skill level 5 in Polearms
   246 | D        | Reached skill level 5 in Staves
   246 | D        | Reached skill level 5 in Slings
   246 | D        | Reached skill level 5 in Bows
   246 | D        | Reached skill level 5 in Crossbows
   246 | D        | Reached skill level 5 in Throwing
   246 | D        | Reached skill level 5 in Armour
   246 | D        | Reached skill level 5 in Stealth
   246 | D        | Reached skill level 5 in Shields
   246 | D        | Reached skill level 5 in Conjurations
   246 | D        | Reached skill level 5 in Hexes
   246 | D        | Reached skill level 5 in Charms
   246 | D        | Reached skill level 5 in Summonings
   246 | D        | Reached skill level 5 in Necromancy
   246 | D        | Reached skill level 5 in Translocations
   246 | D        | Reached skill level 5 in Fire Magic
   246 | D        | Reached skill level 5 in Ice Magic
   246 | D        | Reached skill level 5 in Air Magic
   246 | D        | Reached skill level 5 in Earth Magic
   246 | D        | Reached skill level 5 in Poison Magic
   246 | D        | Reached skill level 5 in Invocations
   246 | D        | Reached skill level 5 in Evocations
   246 | D        | Reached XP level 7. HP: 20/57 MP: 14/17
   450 | D        | Noticed a fire bat
   454 | D        | Killed a fire bat
   454 | D        | Reached ****** piety under Cheibriados
   628 | D        | Learned a level 5 spell: Blade Hands
   629 | D        | Noticed a rime drake
   631 | D        | Killed a rime drake
   631 | D        | Reached XP level 8. HP: 65/65 MP: 12/19
   706 | D        | Noticed a wyvern
   706 | D        | Noticed a polar bear
   711 | D        | Killed a wyvern
   714 | D        | Killed a polar bear
   849 | D        | Noticed a deep troll
   854 | D        | Killed a deep troll
   854 | D        | Reached XP level 9. HP: 51/73 MP: 15/21
  1050 | D        | Noticed a black mamba
  1052 | D        | Killed a black mamba
  1052 | D        | Reached skill level 10 in Unarmed Combat
  1058 | D        | Noticed an efreet
  1072 | D        | Killed an efreet
  1284 | D        | Noticed a wind drake
  1293 | D        | Killed a wind drake
  1305 | D        | Noticed a hornet
  1314 | D        | Killed a hornet
  1314 | D        | Reached XP level 10. HP: 63/82 MP: 23/23
  1327 | D        | Noticed an orange demon
  1339 | D        | Killed an orange demon
  1707 | D        | Reached skill level 10 in Spellcasting
  1921 | D        | Noticed a wolf spider
  1925 | D        | Killed a wolf spider
  1925 | D        | Reached skill level 10 in Dodging
  1925 | D        | Reached skill level 10 in Transmutations
  2367 | D        | Noticed a rust devil
  2367 | D        | Noticed a centaur warrior
  2375 | D        | Killed a rust devil
  2378 | D        | Killed a centaur warrior
  2577 | D        | Noticed a phantasmal warrior
  2579 | D        | Noticed a death cob
  2581 | D        | Killed a phantasmal warrior
  2581 | D        | Reached XP level 11. HP: 72/90 MP: 19/25
  2582 | D        | Noticed a deep elf mage
  2586 | D        | Killed a death cob
  2586 | D        | Reached skill level 10 in Fighting
  2586 | D        | Reached skill level 10 in Short Blades
  2586 | D        | Reached skill level 10 in Long Blades
  2586 | D        | Reached skill level 10 in Axes
  2586 | D        | Reached skill level 10 in Maces & Flails
  2586 | D        | Reached skill level 10 in Polearms
  2586 | D        | Reached skill level 10 in Staves
  2586 | D        | Reached skill level 10 in Slings
  2586 | D        | Reached skill level 10 in Bows
  2586 | D        | Reached skill level 10 in Crossbows
  2586 | D        | Reached skill level 10 in Throwing
  2586 | D        | Reached skill level 10 in Armour
  2586 | D        | Reached skill level 10 in Stealth
  2586 | D        | Reached skill level 10 in Shields
  2586 | D        | Reached skill level 10 in Conjurations
  2586 | D        | Reached skill level 10 in Hexes
  2586 | D        | Reached skill level 10 in Charms
  2586 | D        | Reached skill level 10 in Summonings
  2586 | D        | Reached skill level 10 in Necromancy
  2586 | D        | Reached skill level 10 in Translocations
  2586 | D        | Reached skill level 10 in Fire Magic
  2586 | D        | Reached skill level 10 in Ice Magic
  2586 | D        | Reached skill level 10 in Air Magic
  2586 | D        | Reached skill level 10 in Earth Magic
  2586 | D        | Reached skill level 10 in Poison Magic
  2586 | D        | Reached skill level 10 in Invocations
  2586 | D        | Reached skill level 10 in Evocations
  2586 | D        | Slain by a water elemental

Vault maps used:
D:        pitsprint

Skill      XL: |  1  2  3  4  5  6  7  8  9 10 11 |
---------------+----------------------------------+-----
Fighting       | 3 4 5 6 7 8 9 10 | 10.3
Short Blades   | 2 3 4 5 7 8 9 10 | 10.0
Long Blades    | 2 3 4 5 7 8 9 10 | 10.0
Axes           | 2 3 4 5 7 8 9 10 | 10.0
Maces & Flails | 2 3 4 5 7 8 9 10 | 10.0
Polearms       | 2 3 4 5 7 8 9 10 | 10.0
Staves         | 2 3 4 5 7 8 9 10 | 10.0
Slings         | 2 3 4 5 7 8 9 10 | 10.0
Bows           | 2 3 4 5 7 8 9 10 | 10.0
Crossbows      | 2 3 4 5 7 8 9 10 | 10.0
Throwing       | 2 3 4 5 7 8 9 10 | 10.0
Armour         | 2 3 4 5 7 8 9 10 | 10.0
Dodging        | 5 6 7 8 9 10 | 10.9
Stealth        | 2 3 4 5 7 8 9 10 | 10.0
Shields        | 2 3 4 5 7 8 9 10 | 10.0
Unarmed Combat | 7 8 9 10 11 | 11.7
Spellcasting   | 5 6 7 8 9 10 11 | 11.0
Conjurations   | 2 3 4 5 7 8 9 10 | 10.0
Hexes          | 2 3 4 5 7 8 9 10 | 10.0
Charms         | 2 3 4 5 7 8 9 10 | 10.0
Summonings     | 2 3 4 5 7 8 9 10 | 10.0
Necromancy     | 2 3 4 5 7 8 9 10 | 10.0
Translocations | 2 3 4 5 7 8 9 10 | 10.0
Transmutations | 5 6 7 8 9 10 | 10.9
Fire Magic     | 2 3 4 5 7 8 9 10 | 10.0
Ice Magic      | 2 3 4 5 7 8 9 10 | 10.0
Air Magic      | 2 3 4 5 7 8 9 10 | 10.0
Earth Magic    | 2 3 4 5 7 8 9 10 | 10.0
Poison Magic   | 2 3 4 5 7 8 9 10 | 10.0
Invocations    | 2 3 4 5 7 8 9 10 | 10.0
Evocations     | 2 3 4 5 7 8 9 10 | 10.0

Action                   |  1- 3 |  4- 6 |  7- 9 | 10-12 || total
-------------------------+-------+-------+-------+-------++-------
Melee: Unarmed           |     4 |    36 |    50 |    42 ||   132
       Falchion          |     3 |    10 |       |       ||    13
       Bite              |     2 |       |     9 |     4 ||    15
       Long sword        |       |       |     7 |       ||     7
       Scimitar          |       |       |     3 |     1 ||     4
       Punch             |       |       |     2 |     2 ||     4
 Cast: Ice Form          |       |     2 |       |       ||     2
       Beastly Appendage |       |     1 |       |       ||     1
       Blade Hands       |       |       |     6 |     6 ||    12
  Use: Potion            |       |       |       |     1 ||     1
 Stab: Sleeping          |       |     1 |     3 |     2 ||     6
  Eat: Meat ration       |       |       |     2 |       ||     2
Armor: Robe              |     7 |     2 |     8 |    11 ||    28
       Skin              |       |     5 |     5 |       ||    10
Dodge: Dodged            |     5 |    34 |   104 |    96 ||   239
       Rpst.: Falchion   |       |     3 |       |       ||     3
       Long sword        |       |       |     2 |       ||     2
       Scimitar          |       |       |     4 |       ||     4

Table legend:
 A = Spawn XP
 B = Non-spawn XP
 C = Spawn XP percentage of total XP
 D = Spawn monster count
 E = Non-spawn monster count
 F = Spawn count percentage of total count
 G = Total turns spent on level
                    A         B        C        D         E        F      G
               +---------+---------+-------+---------+---------+-------+---------
         Total |       0 |   12113 |   0.0 |       0 |      67 |   0.0 |  2586
               +---------+---------+-------+---------+---------+-------+---------
             D |       0 |   12113 |   0.0 |       0 |      67 |   0.0 |  2586
               +---------+---------+-------+---------+---------+-------+---------
